 Dungeon Crawl Stone Soup version 0.30-b1-2-g02819fbbbe (webtiles) character file.

Game seed: 18100054365439018749

209 raph the Magician (level 6, -6/47 HPs)
             Began as a Djinni Fire Elementalist on June 11, 2023.
             Mangled by an orc warrior
             ... wielding a +0 scimitar
              (10 damage)
             ... on level 4 of the Dungeon.
             The game lasted 00:03:45 (3004 turns).

raph the Magician (Djinni Fire Elementalist)        Turns: 3004, Time: 00:03:46

Health: -6/47      AC:  5    Str:  7    XL:     6   Next: 12%
Gold:   146        EV: 12    Int: 18    God:
                   SH:  0    Dex: 14

rFire   + + .        e - +0 dagger
rCold   . . .        (no shield)
rNeg    . . .        a - +0 robe
rPois   ∞            d - +2 helmet
rElec   .            (no cloak)
rCorr   .            (no gloves)
SInv    +            (boots unavailable)
Will    .....        (no amulet)
Stlth   ++           k - ring of see invisible
HPRegen 0.27/turn    g - ring of protection from cold
MPRegen 0.00/turn

%: infuse magic (-7 HP)
@: flying
A: sickness immunity, fire resistance 2, cold vulnerability 1, float, innate
caster, HP casting, extra vitality 1
a: no special abilities


You were on level 4 of the Dungeon.
You visited 1 branch of the dungeon, and saw 4 of its levels.

You collected 190 gold pieces.
You spent 44 gold pieces at shops.

Inventory:

Hand Weapons
 e - a +0 dagger (weapon)
Missiles
 i - 8 poisoned darts
Armour
 a - a +0 robe (worn)
 d - a +2 helmet (worn)
Jewellery
 g - a ring of protection from cold (right hand)
 k - a ring of see invisible (left hand)
Scrolls
 b - 3 scrolls of teleportation
 l - a scroll of torment {unknown}
Potions
 c - 3 potions of heal wounds
 f - a potion of cancellation
 h - a potion of invisibility
 j - a potion of magic {unknown}
 m - 2 potions of haste {unknown}


   Skills:
 + Level 3.7 Fighting
 - Level 2.1 Dodging
 - Level 1.5 Stealth
 + Level 3.8 Spellcasting


You knew the following spells:

 Your Spells              Type           Power      Damage    Failure   Level
a - Foxfire               Conj/Fire      68%        2x1d7     3%          1
b - Scorch                Fire           34%        2d6       4%          2
c - Volatile Blastmotes   Fire/Tloc      34%        2d12      9%          3
d - Inner Flame           Hex/Fire       17%        N/A       9%          3
e - Flame Wave            Conj/Fire      17%        2d7       30%         4
f - Beastly Appendage     Tmut           34%        N/A       3%          1
g - Blink                 Tloc           34%        N/A       4%          2
Your spell library was empty.

Dungeon Overview and Level Annotations

Branches:
Dungeon (4/15)
 Temple: D:4-7

Altars:

Shops:
D:1 *


Innate Abilities, Weirdness & Mutations

You are immune to sickness and miasma.
You are immune to poison.
Your flesh is very heat resistant. (rF++)
You are vulnerable to cold. (rC-)
You float through the air rather than walking.
You learn spells naturally, not from books.
Your magical power is your life essence.
You have superior vitality. (+4 MHP)


Message History

The orc warrior is moderately wounded.
The flame wave engulfs the ball python!
You kill the ball python!
The flame wave engulfs the kobold!
You kill the kobold!
The flame wave engulfs the orc priest.
The orc priest is moderately wounded.
You finish channelling waves of flame.
You hear a shout!
Casting: Flame Wave (extremely dangerous; 32% risk of failure)
Confirm with . or Enter, or press ? or * to list all spells.
Casting: Flame Wave (extremely dangerous; 32% risk of failure)
Press: ? - help, Dir - look around, f - activate A wave of flame ripples out!
The flame wave engulfs the orc warrior.
The orc warrior is heavily wounded. (Press . to intensify the flame waves.)
The orc warrior completely misses you.
A wave of flame ripples out!
The flame wave engulfs the orc warrior!
The orc warrior is almost dead.
The flame wave engulfs the orc priest!
The orc priest is almost dead.
The orc priest calls upon Beogh to heal the orc warrior.
The orc warrior is healed somewhat.
The orc warrior hits you with a +0 scimitar!
* * * LOW HITPOINT WARNING * * *
A wave of flame ripples out!
The flame wave engulfs the orc warrior.
The orc warrior is almost dead.
The flame wave engulfs the orc priest.
You kill the orc priest!
* * * LOW HITPOINT WARNING * * *
You finish channelling waves of flame.
The orc warrior barely misses you.
You have reached level 6!
Casting: Flame Wave (quite dangerous; 30% risk of failure)
Confirm with . or Enter, or press ? or * to list all spells.
Flames lash the orc warrior.
The orc warrior is almost dead.
The orc warrior's fire resistance burns away.
* * * LOW HITPOINT WARNING * * *
The orc warrior hits you with a +0 scimitar!
You die...

###### #....#
#.##.#########
###.##.........#
#...##########.#
#.......#
#..#.### .
#.#####.#
#..†.#..
#...####@#
##.###.#
......)o##
#.#<..#
......).#
#.#####
......).#
#......
........#
######.
.....=... #.
........# #.
........# #.
........# #.


You could see an orc warrior (combustible).

Vanquished Creatures
  An orc priest (D:4)
  Natasha (twice) (D:3)
  An iguana (D:4)
  4 adders
  A gnoll (D:2)
  2 worms (D:2)
  An orc (D:4)
  5 endoplasms (D:2)
  3 giant cockroaches
  3 goblins
  3 hobgoblins (D:2)
  4 jackals
  5 quokkas
  6 ball pythons
  2 bats (D:1)
  2 frilled lizards (D:1)
  7 kobolds
  2 rats
54 creatures vanquished.

Vanquished Creatures (others)
  135 foxfires
135 creatures vanquished.

Grand Total: 189 creatures vanquished

Notes
Turn   | Place    | Note
-------+----------+-------------------------------------------
     0 | D:1      | raph the Djinni Fire Elementalist began the quest for the
                  | Orb.
     0 | D:1      | raph set off with the following spells memorised: Foxfire,
                  | Scorch, Volatile Blastmotes, Inner Flame, Flame Wave.
     0 | D:1      | Reached XP level 1. HP: 15/15 MP: 0/0
   245 | D:1      | Reached XP level 2. HP: 21/22 MP: 0/0
   255 | D:1      | Found Mesk's General Store.
   267 | D:1      | Reached skill level 1 in Fighting
   269 | D:1      | Bought a scroll of identify for 22 gold pieces
   343 | D:1      | Bought a scroll of identify for 22 gold pieces
   598 | D:2      | Found a faded altar of an unknown god.
   664 | D:2      | Reached XP level 3. HP: 17/27 MP: 0/0
   664 | D:2      | Learned a level 1 spell: Beastly Appendage
  1078 | D:2      | Reached XP level 4. HP: 27/33 MP: 0/0
  2512 | D:3      | Noticed Natasha
  2522 | D:3      | Killed Natasha
  2523 | D:3      | Reached XP level 5. HP: 26/40 MP: 0/0
  2523 | D:3      | Learned a level 2 spell: Blink
  2534 | D:3      | Noticed Natasha
  2542 | D:3      | Killed Natasha
  2993 | D:4      | Noticed an orc warrior
  3004 | D:4      | Reached XP level 6. HP: 6/47 MP: 0/0
  3004 | D:4      | Mangled by an orc warrior

Illustrated notes

Levels and vault maps discovered:
D:1:      lemuel_arrival_lava_pool, layout_rooms, serial_shops,
          nicolae_shop_peninsula
D:2:      minmay_recursive_quarters, layout_basic,
          ebering_ecumenical_altar_hall, minmay_pentomino_q4
D:3:      layout_basic, st_stairs_3, uniq_sigmund, uniq_natasha
D:4:      layout_basic, minitemple, kennysheep_generic_room_15

Skill      XL: |  1  2  3  4 |
---------------+-------------+-----
Fighting       | 1 2 3 |  3.7
Spellcasting   | 3 |  3.8
Dodging        | |  2.1
Stealth        | |  1.5

Action                     |  1- 3 |  4- 6 || total
---------------------------+-------+-------++-------
  Melee: Dagger            |     3 |     4 ||     7
   Cast: Foxfire           |    51 |    29 ||    80
         Scorch            |     3 |    18 ||    21
         Flame Wave        |       |     2 ||     2
    Use: Scroll            |     6 |     1 ||     7
 Armour: Robe              |     1 |     6 ||     7
  Dodge: Dodged            |     9 |    18 ||    27
